 Dungeon Crawl Stone Soup version 0.28-a0-706-gf6f64a616a (webtiles) character file.

Game seed: 4455585658761954323

9501 ytrimaz the Cleaver (level 11, -2/84 HPs)
             Began as a Formicid Fighter on Oct 24, 2021.
             Was an Elder of Okawaru.
             Slain by Snorg (8 damage)
             ... on level 11 of the Dungeon.
             The game lasted 00:17:12 (12219 turns).

ytrimaz the Cleaver (Formicid Fighter)             Turns: 12219, Time: 00:17:13

Health: -2/84      AC: 17    Str: 24    XL:     11   Next: 75%
Magic:  10/16      EV: 10    Int: 11    God:    Okawaru [****..]
Gold:   775        SH:  7    Dex: 20    Spells: 10/10 levels left

rFire   + . .      SeeInvis +   v - +4 war axe "Pudduvi" {vorpal, rF+ Int+3 Stlth+}
rCold   . . .      Faith    .   c - +0 buckler
rNeg    . . .      Spirit   .   y - +0 plate armour
rPois   +          Reflect  .   (helmet unavailable)
rElec   .          Harm     .   (no cloak)
rCorr   .          Rampage  .   C - +0 pair of gloves
Will    +....                   (no boots)
Stlth   ..........              j - amulet "Myrih" {Acrobat Fly Dex+4}
HPRegen 0.24/turn               f - +6 ring of dexterity
MPRegen 0.15/turn               h - ring of poison resistance

@: heroic, finesse-ful, flying
A: permanent stasis, dig shafts and tunnels, antennae 3, four strong arms
a: Dig, Shaft Self, Renounce Religion, Heroism, Finesse


You were on level 11 of the Dungeon.
You worshipped Okawaru.
Okawaru was greatly pleased with you.
You visited 1 branch of the dungeon, and saw 11 of its levels.
You also visited: Bailey.

You collected 775 gold pieces.

Inventory:

Hand Weapons
 a - a +1 war axe
 r - a +0 battleaxe
 v - the +4 war axe "Pudduvi" (weapon) {vorpal, rF+ Int+3 Stlth+}
   (You acquired it on level 8 of the Dungeon)

   It inflicts extra damage upon your enemies.
   Int:       It affects your intelligence (+3).
   rF:        It protects you from fire.
   Stlth:     It makes you more stealthy.
 w - a +2 long sword of holy wrath
Armour
 c - a +0 buckler (worn)
 p - a +0 kite shield
 y - a +0 plate armour (worn)
 C - a +0 pair of gloves (worn)
Jewellery
 f - a +6 ring of dexterity (left hand)
 h - a ring of poison resistance (right hand)
 j - the amulet "Myrih" (around neck) {Acrobat Fly Dex+4}
   (You acquired it on level 8 of the Dungeon)

   [amulet of the acrobat]

   It increases your evasion while moving and waiting.
   Dex:       It affects your dexterity (+4).
   Fly:       It grants you flight.
 l - a ring of ice
 o - an amulet of regeneration
 H - a +6 ring of intelligence
Wands
 d - a wand of mindburst (9)
 g - a wand of iceblast (12)
 t - a wand of paralysis (8)
 z - a wand of acid (6)
 B - a wand of flame (30)
 G - a wand of digging (6)
Scrolls
 b - a scroll of holy word
 e - 3 scrolls of magic mapping
 i - 7 scrolls of enchant armour
 A - a scroll of enchant weapon
 D - a scroll of fear {unknown}
 E - a scroll of fog
 F - a scroll of identify
Potions
 k - 6 potions of attraction
 m - 3 potions of curing
 n - a potion of heal wounds
 q - 2 potions of resistance
 s - 2 potions of magic
 u - a potion of cancellation
 x - 3 potions of brilliance


   Skills:
 + Level 7.5(12.5) Fighting
 * Level 14.0(19.0) Axes
 + Level 7.8(12.8) Armour
 * Level 4.0(9.0) Shields
 * Level 6.9 Invocations


You had 10 spell levels left.
You didn't know any spells.
Your spell library contained the following spells:

 Spells                   Type           Power      Damage    Failure   Level
 Freeze                   Ice            0%         1d3       97%         1
 Sandblast                Erth           0%         2d4       97%         1
 Shock                    Conj/Air       0%         1d3       97%         1
 Passwall                 Tmut/Erth      0%         N/A       99%         2
 Frozen Ramparts          Ice            0%         1d2       100%        3
 Stone Arrow              Conj/Erth      0%         3d7       100%        3
 Airstrike                Air            0%         N/A       100%        4
 Hailstorm                Conj/Ice       0%         3d3       100%        4
 Blade Hands              Tmut           0%         N/A       100%        5
 Iron Shot                Conj/Erth      0%         9d1       100%        6
 Summon Small Mammal      Summ           Unusable   N/A       N/A         1
 Call Canine Familiar     Summ           Unusable   N/A       N/A         3
 Summon Guardian Golem    Hex/Summ       Unusable   N/A       N/A         3
 Swiftness                Air            Unusable   N/A       N/A         3
 Animate Armour           Summ/Erth      Unusable   N/A       N/A         4

Dungeon Overview and Level Annotations

Branches:
Dungeon (11/15)            Temple (0/1) D:6            Lair (0/6) D:8
    Orc (0/2) D:9          Bailey (visited)

Altars:
Fedhas
Hepliaklqana
Okawaru
Trog
Vehumet
Zin

Annotations:
D:11 Snorg


Innate Abilities, Weirdness & Mutations

You cannot be hasted, slowed, berserked, paralysed or teleported.
You can dig through walls and to a lower floor.
You have a pair of large antennae on your head. (SInv)
Your four strong arms can wield two-handed weapons with a shield.


Message History

Found a long sword.
There is an open door here.
You now have 775 gold pieces (gained 8).
Snorg the Insatiable comes into view.
Snorg shouts!
You hear a shout!
You gain the combat prowess of a mighty hero.
You closely miss Snorg. You hit Snorg.
Snorg is lightly wounded.
Snorg bites you! Snorg closely misses you. Snorg claws you.
You barely miss Snorg.
Snorg is lightly wounded.
Snorg bites you. Snorg claws you! Snorg claws you but does no damage.
You closely miss Snorg.
Snorg is lightly wounded.
Snorg barely misses you. Snorg closely misses you. You block Snorg's attack.
You slash Snorg!
Snorg is lightly wounded.
You slice Snorg!!
Snorg is moderately wounded.
Snorg closely misses you. Snorg barely misses you. You block Snorg's attack.
You fail to use your ability.
Snorg goes berserk!
You can now deal lightning-fast blows.
Snorg barely misses you. Snorg completely misses you. You block Snorg's attack.
You slash Snorg!
Snorg is heavily wounded.
Snorg completely misses you. Snorg closely misses you. Snorg claws you!
You barely miss Snorg.
Snorg is heavily wounded.
You slash Snorg!
Snorg is heavily wounded.
Snorg bites you!!
* * * LOW HITPOINT WARNING * * *
Snorg barely misses you. You block Snorg's attack.
You slice Snorg!!
Snorg is severely wounded.
Snorg bites you!
* * * LOW HITPOINT WARNING * * *
Snorg claws you!
You die...

..# #...#...# #..# ..#
#...#...# #..####### ..#
##..#...# #....)...# ..#
#..#...#####........#
..#
#..'................#
..#
#..##################
..# #...............
..#######...............
................@T......
.............††.........
........................
........................
...................#####
####################


You could see Snorg (berserk).

Vanquished Creatures
  An orc warlord (D:7)
  A boulder beetle (D:6)
  A wizard (D:9)
  A freezing wraith (D:10)
  A komodo dragon (D:8)
  A hornet (D:9)
  18 yaks
  Eustachio (D:5)
  2 steam dragons
  An acid dragon (D:8)
  Duvessa (D:4)
  A water moccasin (D:8)
  A sky beast (D:5)
  6 orc warriors
  2 black bears
  A necrophage (D:8)
  8 centaurs
  3 ogres
  6 kobold brigands
  A wyvern zombie (D:7)
  Dowan (D:4)
  3 scorpions
  A water moccasin zombie (D:5)
  5 wights (D:8)
  4 howler monkeys
  A centaur zombie (D:9)
  2 hounds
  A jelly (D:7)
  4 orc priests
  A bullfrog skeleton (D:6)
  4 orc wizards
  2 iguanas (D:4)
  7 adders
  A gnoll (Bailey)
  3 white imps
  An ufetubus (D:4)
  2 adder zombies (D:2)
  An adder skeleton (D:5)
  4 worms
  37 orcs
  5 bats
  A bat skeleton (D:2)
  5 endoplasms
  3 giant cockroaches
  7 goblins
  11 hobgoblins
  3 jackals (D:2)
  42 kobolds
  4 quokkas
  7 ball pythons
  A ball python skeleton (D:2)
  2 frilled lizards (D:2)
  6 rats
240 creatures vanquished.

Vanquished Creatures (others)
  32 plants
32 creatures vanquished.

Grand Total: 272 creatures vanquished

Notes
Turn   | Place    | Note
-------+----------+-------------------------------------------
     0 | D:1      | ytrimaz the Formicid Fighter began the quest for the Orb.
     0 | D:1      | Reached XP level 1. HP: 18/18 MP: 1/1
   204 | D:1      | Reached XP level 2. HP: 17/24 MP: 2/2
   638 | D:1      | Reached XP level 3. HP: 30/30 MP: 3/3
  1217 | D:2      | Reached skill level 3 in Axes
  1362 | D:2      | Reached XP level 4. HP: 31/37 MP: 4/4
  2086 | D:2      | Reached XP level 5. HP: 41/42 MP: 5/5
  2202 | D:3      | Noticed a centaur
  2212 | D:3      | Killed a centaur
  2213 | D:3      | Reached skill level 4 in Axes
  2504 | D:3      | Noticed a centaur
  2513 | D:3      | Killed a centaur
  2514 | D:3      | Reached skill level 5 in Axes
  2514 | D:3      | Reached XP level 6. HP: 38/48 MP: 6/6
  2831 | D:3      | Noticed a black bear
  2839 | D:3      | Killed a black bear
  3276 | D:4      | Reached XP level 7. HP: 43/54 MP: 7/7
  3347 | D:4      | Reached skill level 6 in Axes
  3642 | D:4      | Found an iron altar of Okawaru.
  3661 | D:4      | Became a worshipper of Warmaster Okawaru
  3953 | D:4      | Noticed Duvessa
  3956 | D:4      | Noticed Dowan
  4004 | D:4      | Killed Duvessa
  4005 | D:4      | Reached skill level 7 in Axes
  4005 | D:4      | Reached skill level 5 in Armour
  4005 | D:4      | Reached XP level 8. HP: 18/61 MP: 8/8
  4328 | D:4      | Killed Dowan
  4329 | D:4      | Reached skill level 1 in Invocations
  4875 | D:5      | Entered Level 5 of the Dungeon
  5254 | D:5      | Reached * piety under Okawaru
  5297 | D:5      | Noticed Eustachio
  5313 | D:5      | Killed Eustachio
  5314 | D:5      | Reached skill level 5 in Fighting
  5314 | D:5      | Reached skill level 8 in Axes
  5331 | D:5      | Found a radiant altar of Vehumet.
  5331 | D:5      | Found a bloodstained altar of Trog.
  5331 | D:5      | Found a hazy altar of Hepliaklqana.
  5400 | D:5      | Noticed a yak
  5400 | D:5      | Noticed a yak
  5400 | D:5      | Noticed a yak
  5400 | D:5      | Noticed a yak
  5400 | D:5      | Noticed a yak
  5400 | D:5      | Noticed a yak
  5442 | D:5      | Killed a yak
  5443 | D:5      | Reached XP level 9. HP: 29/68 MP: 8/11
  5488 | D:5      | Reached skill level 9 in Axes
  5491 | D:5      | Reached ** piety under Okawaru
  6014 | D:6      | Noticed a boulder beetle
  6017 | D:6      | Reached skill level 10 in Axes
  6087 | D:6      | You fall into a shaft and drop 1 floor!
  6184 | D:7      | Found a flagged portal.
  6212 | Bailey   | Entered a bailey
  6217 | Bailey   | Noticed an orc warlord
  6298 | Bailey   | Found a runed translucent gate.
  6299 | Bailey   | Found a runed translucent gate.
  6319 | Bailey   | Found a runed translucent gate.
  6621 | D:8      | Reached XP level 10. HP: 68/76 MP: 10/13
  6636 | D:8      | Acquired the amulet "Myrih" {Acrobat Fly Dex+4}
  6651 | D:8      | Acquired the +4 war axe "Pudduvi" {vorpal, rF+ Int+3
                  | Stlth+}
  6787 | D:8      | Reached skill level 11 in Axes
  6958 | D:8      | Noticed a komodo dragon
  6971 | D:8      | Killed a komodo dragon
  6971 | D:8      | Reached *** piety under Okawaru
  6972 | D:8      | Reached skill level 5 in Invocations
  6974 | D:8      | Found a staircase to the Lair.
  7436 | D:6      | Killed a boulder beetle
  7437 | D:6      | Reached skill level 12 in Axes
  7874 | D:6      | Found a staircase to the Ecumenical Temple.
  9062 | D:7      | Killed an orc warlord
  9062 | D:7      | Reached **** piety under Okawaru
  9063 | D:7      | Reached XP level 11. HP: 24/83 MP: 15/15
  9696 | D:8      | Reached skill level 13 in Axes
 10642 | D:9      | Noticed a wizard
 10651 | D:9      | Killed a wizard
 10938 | D:9      | Found a staircase to the Orcish Mines.
 11235 | D:10     | Entered Level 10 of the Dungeon
 11644 | D:10     | Reached skill level 14 in Axes
 12024 | D:10     | Found a glowing silver altar of Zin.
 12036 | D:10     | Found a blossoming altar of Fedhas.
 12204 | D:11     | Noticed Snorg
 12219 | D:11     | Slain by Snorg

Illustrated notes

Levels and vault maps discovered:
D:1:      dpeg_arrival_rooms_c, layout_loops_cross
D:2:      layout_loops_cross, serial_undead, serial_undead_a, serial_undead_d,
          serial_undead_e, serial_undead_a, ebering_dispersal_statue_hall
D:3:      layout_basic
D:4:      layout_basic, lemuel_doored_altar, uniq_duvessa
D:5:      layout_gridville, chequers_temple_overflow_statue_of_worship,
          amcnicky_mini_rare_corridor_liquid, uniq_eustachio
D:6:      layout_loops_corners, minmay_temple_entry_gardened_gates
D:7:      layout_loops_cross, enter_bailey_4
D:8:      layout_layer_cave, david_lair_shrubbed
D:9:      layout_roguey, orc_0_dummy, minmay_fractal_squares_diagonal_5
D:10:     layout_basic, mainiacjoe_overflow_swirl
D:11:     layout_irregular_city, serial_rivers, chequers_serial_rivers_micro_c,
          chequers_serial_rivers_micro_e, chequers_serial_rivers_large_a,
          chequers_serial_rivers_micro_b, chequers_serial_rivers_small_a,
          chequers_arboretum, kennysheep_cross_bottleneck,
          nicolae_ru_path_of_blood, uniq_snorg

Skill      XL: |  1  2  3  4  5  6  7  8  9 10 11 |
---------------+----------------------------------+-----
Axes           | 3 5 7 8 10 12 14 | 14.0
Fighting       | 4 5 6 7 |  7.5
Armour         | 4 5 6 7 |  7.8
Invocations    | 2 4 5 6 |  6.9
Shields        | 4 |  4.0

Action                   |  1- 3 |  4- 6 |  7- 9 | 10-12 || total
-------------------------+-------+-------+-------+-------++-------
Melee: War axe           |    85 |   116 |   291 |   246 ||   738
       Battleaxe         |       |       |    22 |     9 ||    31
Invok: Heroism           |       |       |    10 |    15 ||    25
       Finesse           |       |       |       |     2 ||     2
 Abil: Dig               |       |     1 |     9 |       ||    10
       Shaft Self        |       |       |     1 |       ||     1
Evoke: Wand              |       |       |     7 |       ||     7
  Use: Scroll            |     4 |     1 |     4 |     9 ||    18
       Potion            |     1 |     1 |     6 |     1 ||     9
Armor: Scale mail        |    52 |    96 |    93 |    16 ||   257
       Skin              |       |       |    16 |     3 ||    19
       Plate armour      |       |       |       |    60 ||    60
Dodge: Dodged            |    50 |    72 |   147 |   134 ||   403
Block: Buckler           |    20 |    41 |    63 |    65 ||   189

Table legend: (Time is in decaauts)
 A = Elapsed time spent in this place.
 B = Non-inter-level travel time spent in this place.
 C = Inter-level travel time spent in this place.
 D = Time resting spent in this place.
 E = Time spent auto-exploring this place.
 F = Levels seen in this place.
 G = Mean time per level.
                   A        B        C        D        E       F      G
               +--------+--------+--------+--------+--------+-----+--------+
         Total |  12227 |  11804 |    423 |   1328 |   8017 |  12 | 1018.9 |
       Dungeon |  11968 |  11545 |    423 |   1328 |   8017 |  11 | 1088.0 |
        Bailey |    259 |    259 |      0 |      0 |      0 |   1 |  259.0 |
               +--------+--------+--------+--------+--------+-----+--------+

Top non-repeatable levels by time:
     D:4: 1652 daAuts
     D:8: 1540 daAuts
     D:2: 1257 daAuts
     D:6: 1226 daAuts
     D:7: 1222 daAuts
     D:3: 1135 daAuts
     D:5: 1084 daAuts
     D:9: 965 daAuts
     D:1: 912 daAuts
    D:10: 851 daAuts
  Bailey: 259 daAuts
    D:11: 118 daAuts
